 Dungeon Crawl Stone Soup version 0.28-a0-1629-gf728b707aa (webtiles) character file.

Game seed: 2105432102654799630

54 Ajdolov the Sneak (level 3, -4/16 HPs)
             Began as a Spriggan Enchanter on Jan 25, 2022.
             Killed from afar by an orc wizard (6 damage)
             ... with a magic dart
             ... on level 4 of the Dungeon.
             The game lasted 00:04:53 (3514 turns).

Ajdolov the Sneak (Spriggan Enchanter)              Turns: 3514, Time: 00:04:54

Health: -4/16      AC:  2    Str:  4    XL:     3   Next: 66%
Magic:  0/8        EV: 17    Int: 16    God:
Gold:   127        SH:  0    Dex: 17    Spells: 7/7 levels left

rFire   . . .      SeeInvis +   a - +1 dagger
rCold   . . .      Faith    .   (no shield)
rNeg    . . .      Spirit   +   b - +0 robe
rPois   .          Reflect  .   (helmet restricted)
rElec   .          Harm     .   (no cloak)
rCorr   .          Rampage  .   (gloves unavailable)
Will    .....                   (boots unavailable)
Stlth   +.........              i - amulet of guardian spirit
HPRegen 0.05/turn               (no ring)
MPRegen 0.11/turn               (no ring)

@: confused, very quick
A: very small, no large weapons, unfitting armour, see invisible, speed 3
a: no special abilities


You were on level 4 of the Dungeon.
You visited 1 branch of the dungeon, and saw 4 of its levels.

You collected 127 gold pieces.

Inventory:

Hand Weapons
 a - a +1 dagger (weapon)
Armour
 b - a +0 robe (worn)
Jewellery
 i - an amulet of guardian spirit (around neck)
 o - a ring of ice
Scrolls
 d - 2 scrolls of silence {unknown}
 e - a scroll of amnesia {unknown}
 f - a scroll of summoning {unknown}
 g - 2 scrolls of teleportation {unknown}
 l - a scroll of fog {unknown}
Potions
 c - 2 potions of invisibility
 h - 2 potions of curing {unknown}
 j - a potion of haste {unknown}
 k - 2 potions of magic {unknown}
 m - a potion of mutation {unknown}
 n - a potion of attraction {unknown}


   Skills:
 * Level 3.3 Short Blades
 - Level 2.6 Dodging
 + Level 5.5 Stealth
 - Level 2.6 Spellcasting
 - Level 3.6 Hexes


You had 7 spell levels left.
You didn't know any spells.
Your spell library contained the following spells:

 Spells                   Type           Power      Damage    Failure   Level
 Confusing Touch          Hex            13%        N/A       13%         3
 Tukima's Dance           Hex            13%        N/A       13%         3
 Ensorcelled Hibernation  Hex/Ice        14%        N/A       14%         2
 Magic Dart               Conj           8%         1d3       19%         1
 Shock                    Conj/Air       8%         1d3       19%         1
 Searing Ray              Conj           4%         2d4       28%         2
 Dazzling Flash           Conj/Hex       14%        N/A       28%         3
 Swiftness                Air            2%         N/A       50%         3
 Fulminant Prism          Conj/Hex       3%         3d6       67%         4
 Airstrike                Air            1%         N/A       88%         4


Dungeon Overview and Level Annotations

Branches:
Dungeon (4/15)
 Temple: D:4-7

Altars:
Trog


Innate Abilities, Weirdness & Mutations

You are very small and have problems with some larger weapons.
You are too small for most types of armour.
You have supernaturally acute eyesight. (SInv)
You cover ground extremely quickly. (Speed+++)


Message History

You bump into the rock wall.
You bump into the rock wall.
The orc wizard misses you.
You bump into the rock wall.
The orc wizard barely misses you.
You're too confused to move!
The orc wizard hits you with a +0 dagger.
You hit the orc wizard but do no damage.
The orc wizard is moderately wounded.
You feel less confused.
You hit the orc wizard.
The orc wizard is heavily wounded.
The orc wizard casts a spell at you. The magic dart hits you!
You hit the orc wizard.
The orc wizard is heavily wounded.
The orc wizard casts a spell at you. You resist with some effort.
You hit the orc wizard but do no damage.
The orc wizard is heavily wounded.
The orc wizard hits you with a +0 dagger.
You hit the orc wizard but do no damage.
The orc wizard is heavily wounded.
The orc wizard casts a spell at you.
You are confused.
You bump into the rock wall.
The orc wizard gestures at you while chanting.
You are more confused.
You bump into the rock wall.
The orc wizard hits you with a +0 dagger.
You bump into the rock wall.
The orc wizard gestures at you while chanting.
The magic dart hits you.
* * * LOW HITPOINT WARNING * * *
You bump into the rock wall.
You bump into the rock wall.
The orc wizard hits you with a +0 dagger.
* * * LOW HITPOINT WARNING * * *
You bump into the rock wall.
The orc wizard casts a spell at you. The magic dart hits you!
You die...

### #<#
#.# #.#
#.# #.#
#@# #o#
#o# #o#
#K# #.#
#o#
#.....o.o
#..o.....


You could see an orc wizard (invisible), 3 orcs and a kobold.

Vanquished Creatures
  An adder (D:2)
  A worm (D:3)
  An orc (D:4)
  4 bats
  5 endoplasms
  2 giant cockroaches
  5 goblins
  7 hobgoblins
  2 quokkas
  2 frilled lizards
  5 kobolds
  A rat (D:3)
36 creatures vanquished.

Notes
Turn   | Place    | Note
-------+----------+-------------------------------------------
     0 | D:1      | Ajdolov the Spriggan Enchanter began the quest for the Orb.
     0 | D:1      | Reached XP level 1. HP: 9/9 MP: 5/5
   242 | D:1      | Found a faded altar of an unknown god.
   583 | D:1      | Reached XP level 2. HP: 13/13 MP: 6/6
  1655 | D:2      | Reached skill level 5 in Stealth
  2390 | D:3      | Reached XP level 3. HP: 12/16 MP: 5/8
  2529 | D:3      | Identified the +1 leather armour of Lethargy {rElec Will+
                  | Dex+6}
  2905 | D:3      | Found a bloodstained altar of Trog.
  3514 | D:4      | Killed from afar by an orc wizard

Illustrated notes

Levels and vault maps discovered:
D:1:      onia_arrival_pentagram, layout_rooms,
          shapermc_ecumenical_altar_starsandcircs, minivault_4
D:2:      layout_loops_corners
D:3:      layout_loops_corners, bloody_trog, minmay_goblin_kobold_house
D:4:      layout_basic, riverfiend_overflow_shadow_ancestor,
          portal_sewer_entry_d, wad_orctagon, uniq_sigmund

Skill      XL: |  1  2  3 |
---------------+----------+-----
Short Blades   | 2 3 |  3.3
Stealth        | 5 |  5.5
Dodging        | |  2.6
Spellcasting   | |  2.6
Hexes          | |  3.6

Action                   || total
-------------------------++-------
Melee: Dagger            ||   188
       Punch             ||     3
 Stab: Sleeping          ||     9
Armor: Robe              ||    15
Dodge: Dodged            ||   121

Table legend: (Time is in decaauts)
 A = Elapsed time spent in this place.
 B = Non-inter-level travel time spent in this place.
 C = Inter-level travel time spent in this place.
 D = Time resting spent in this place.
 E = Time spent auto-exploring this place.
 F = Levels seen in this place.
 G = Mean time per level.
                   A        B        C        D        E       F      G
               +--------+--------+--------+--------+--------+-----+--------+
         Total |   2665 |   2600 |     65 |     30 |   2172 |   4 |  666.2 |
       Dungeon |   2665 |   2600 |     65 |     30 |   2172 |   4 |  666.2 |
               +--------+--------+--------+--------+--------+-----+--------+

Top non-repeatable levels by time:
     D:1: 927 daAuts
     D:2: 896 daAuts
     D:3: 802 daAuts
     D:4: 39 daAuts
